 Dungeon Sprint DCSS version 0.30-a0-779-g7971cf19c3 (webtiles) character file.

Game seed: 5411260854256901220

537 dialectric the Basher (level 7, -9/73 HPs)
             Began as a Gargoyle Fighter on Feb 17, 2023.
             Mangled by Menkaure (10 damage)
             ... in the Dungeon (Sprint II: "The Violet Keep of Menkaure").
             The game lasted 00:01:40 (184 turns).

dialectric the Basher (Gargoyle Fighter)             Turns: 184, Time: 00:01:40

Health: -9/73      AC: 12    Str: 19    XL:     7   Next: 25%
Magic:  7/7        EV: 10    Int:  9    God:
Gold:   632        SH:  5    Dex: 11    Spells: 6/6 levels left

rFire   . . .      SeeInvis .    a - +0 flail
rCold   . . .      Faith    .    c - +0 buckler
rNeg    + . .      Spirit   .    b - +0 scale mail
rPois   ∞          Reflect  .    (no helmet)
rElec   +          Harm     .    (no cloak)
rCorr   .          Rampage  .    (no gloves)
Will    .....      NoTele   +    (no boots) Stlth
                                 (no amulet)
HPRegen 0.32/turn                (no ring)
MPRegen 0.10/turn                (no ring)

@: berserking, very quick
A: sickness immunity, AC +4, negative energy resistance 1, electricity
resistance, torment resistance 1, petrification resistance
a: no special abilities


You were in the Dungeon.
You visited 1 branch You collected 744 gold pieces.
You spent 112 gold pieces at shops.

Inventory:

Hand Weapons
 a - a +0 flail (weapon)
Armour
 b - a +0 scale mail (worn)
 c - a +0 buckler (worn)
Scrolls
 j - a scroll of blinking
Potions
 g - a potion of haste
 h - 2 potions of magic


   Skills:
 - Level 8.1 Fighting
 * Level 10.1 Maces & Flails
 - Level 8.0 Armour
 - Level 3.0 Dodging
 - Level 6.5 Shields


You had 6 spell levels left.
You didn't know any spells.
Your spell library was empty.

Dungeon Overview and Level Annotations

Branches:
Dungeon (1/1)

Altars:

Shops:
D :*!!*[(:==?[:[=

Annotations:
D exclusions: ice statue and oklob plant, Menkaure


Innate Abilities, Weirdness & Mutations

You are immune to sickness and miasma.
Your stone body is resilient. (AC +4)
You are immune to poison.
You resist negative energy. (rN+)
You are resistant to electric shocks. (rElec)
You are resistant to unholy torment.
You are immune to petrification.


Message History

* * * LOW HITPOINT WARNING * * *
The blink frog blinks!
Unknown command.
Menkaure calls on the powers of darkness!
Your body is wracked with pain!
* * * LOW HITPOINT WARNING * * *
Menkaure calls on the powers of darkness!
The blink frog convulses!
You feel a surge of unholy energy.
There is an entrance to Tilay's Book Shop here.
The blink frog blinks!
There is an entrance to Wulym's Distillery here.
d - a potion of berserk rage;
e - a potion of curing Thank you for shopping at Wulym's Distillery!
You feel better.
Menkaure calls on the powers of darkness!
The blink frog convulses!
Your body is wracked with pain!
* * * LOW HITPOINT WARNING * * *
There is an entrance to Tilay's Book Shop here.
Menkaure points at you and mumbles some strange words.
You struggle to resist.
A red film seems to cover your vision as you go berserk!
You feel yourself moving faster!
You feel mighty!
Menkaure mumbles some strange words.
Menkaure seems to speed up.
You feel a strong urge to attack something.
The blink frog barely misses you. Menkaure hits you.
* * * LOW HITPOINT WARNING * * *
You miss the blink frog.
The blink frog is almost dead.
The blink frog blinks!
You sock Menkaure!
Menkaure is heavily damaged.
Menkaure hits you!
* * * LOW HITPOINT WARNING * * *
The blink frog hits you.
* * * LOW HITPOINT WARNING * * *
You sock Menkaure!
Menkaure is almost destroyed.
Menkaure hits you!
You die...

# .○. ~## ...
############~~#+++#+++##
###########~~~.........#
##....∩...#~~~~.##'##
##...∩.∩..#~~~~##.#†##
##..∩.∩...#~~~~#..##.#
##.⌠.∩.F..#~~####††#####
##..∩.∩.@.#~##.###'# #.##
##...∩.∩§M#~#...##.##.#.#
##....∩.∩.'~'.##†.<.†###'
##.....∩.∩#~#...##.##.#.#
#▓▓▓▓▓▓▓###~##.###+###.##
##:ls######~~### ###
#).s# ##~~~# #∩P!+ #'#~#
#$$ #.#~~#


You could see an oklob plant, a blink frog, a wyvern, 2 redbacks and Menkaure
(fast).

Vanquished Creatures
  2 wyverns (D)
  4 necrophages (D)
  3 worms (D)
9 creatures vanquished.

Notes
Turn   | Place    | Note
-------+----------+-------------------------------------------
     0 | D        | dialectric the Gargoyle Fighter began the quest for the
                  | Orb.
     0 | D        | Reached XP level 1. HP: 14/14 MP: 1/1
    18 | D        | Reached XP level 2. HP: 4/20 MP: 2/2
    23 | D        | Noticed an ice statue
    74 | D        | Noticed a wyvern
    74 | D        | Noticed a wyvern
    78 | D        | Killed a wyvern
    79 | D        | Reached skill level 5 in Maces & Flails
    79 | D        | Reached XP level 3. HP: 28/28 MP: 3/3
    79 | D        | Reached XP level 4. HP: 32/32 MP: 4/4
    79 | D        | Reached XP level 5. HP: 37/37 MP: 5/5
    85 | D        | Killed a wyvern
    86 | D        | Reached skill level 6 in Maces & Flails
    86 | D        | Reached XP level 6. HP: 44/44 MP: 6/6
   120 | D        | Reached skill level 7 in Maces & Flails
   124 | D        | Reached skill level 8 in Maces & Flails
   134 | D        | Reached skill level 9 in Maces & Flails
   134 | D        | Reached XP level 7. HP: 40/49 MP: 7/7
   139 | D        | Reached skill level 10 in Maces & Flails
   144 | D        | Found Enynnucou's Jewellery Shop.
   144 | D        | Found Ozxee's Book Boutique.
   144 | D        | Found Faolu's Armour Shop.
   144 | D        | Found Aczuar's Jewellery Boutique.
   144 | D        | Found Tilay's Book Shop.
   144 | D        | Found Ginab's Magic Scroll Shop.
   144 | D        | Found Laesypn's Antique Weapon Boutique.
   145 | D        | Found Uthrorurch's Antique Armour Boutique.
   145 | D        | Found Rot Laod's Assorted Antiques.
   145 | D        | Found Wulym's Distillery.
   146 | D        | Found Laen Dikh's Antique Armour Boutique.
   146 | D        | Found Pimaulyi's Jewellery Shop.
   146 | D        | Found Woffotz's Distillery.
   146 | D        | Found Geveim's Assorted Antiques.
   146 | D        | Noticed a redback
   150 | D        | Noticed a blink frog
   160 | D        | Noticed Menkaure
   160 | D        | Noticed a redback
   160 | D        | Noticed an oklob plant
   161 | D        | Found Berozax's Book Shoppe.
   162 | D        | Noticed a wyvern
   177 | D        | Bought a potion of berserk rage for 70 gold pieces
   177 | D        | Bought a potion of curing for 42 gold pieces
   183 | D        | HP: 2/73 [Menkaure (9)]
   184 | D        | Mangled by Menkaure

Illustrated notes

Levels and vault maps discovered:
D:        the_violet_keep_of_menkaure [sprint2_stairs_cluster_1,
          sprint2_shoproom, sprint2_temple, sprint2_basic_supplies,
          sprint2_obstacle_4, sprint2_obstacle_3, sprint2_obstacle_2,
          sprint2_obstacle_6, sprint2_obstacle_1, sprint2_timed_cluster_1,
          sprint2_smallroom_cluster_1, sprint2_smallroom_final_cluster_1,
          sprint2_transparent_cluster_1, sprint2_second_timed_cluster_1,
          sprint2_sniper_area_1, sprint2_heavy_combat_area_1,
          sprint2_mutation_trap_area_1, sprint2_forest_area_1,
          sprint2_light_combat_area_1, sprint2_behind_water_1,
          sprint2_near_end_vault_1]

Skill      XL: |  1  2  3  4  5  6  7 |
---------------+----------------------+-----
Fighting       | 4 6 7 8 |  8.1
Armour         | 4 6 7 8 |  8.0
Shields        | 6 |  6.5
Maces & Flails | 5 6 9 10 | 10.1
Dodging        | 2 3 |  3.0

Action                     |  1- 3 |  4- 6 |  7- 9 || total
---------------------------+-------+-------+-------++-------
  Melee: Flail             |    20 |    37 |    16 ||    73
    Use: Potion            |     3 |       |     3 ||     6
 Armour: Scale mail        |     7 |    13 |     5 ||    25
  Dodge: Dodged            |     6 |    19 |     9 ||    34
  Block: Buckler           |     1 |     5 |     1 ||     7

Table legend: (Time is in decaauts)
 A = Elapsed time spent in this place.
 B = Non-inter-level travel time spent in this place.
 C = Inter-level travel time spent in this place.
 D = Time resting spent in this place.
 E = Time spent auto-exploring this place.
 F = Levels seen in this place.
 G = Mean time per level.
                   A        B        C        D        E       F      G
               +--------+--------+--------+--------+--------+-----+--------+
         Total |    206 |    206 |      0 |     33 |      0 |   1 |  206.0 |
       Dungeon |    206 |    206 |      0 |     33 |      0 |   1 |  206.0 |
               +--------+--------+--------+--------+--------+-----+--------+

Top non-repeatable levels by time:
       D: 206 daAuts
